 Dungeon Crawl Stone Soup version 0.31-a0-819-gf6de2f5ab6 (webtiles) character file.

Game seed: 16853717696044628122

31296 Joey1 the Severer (level 13, -3/126 HPs)
             Began as a Minotaur Berserker on Sept 24, 2023.
             Was the Champion of Trog.
             Slain by a five-headed hydra (13 damage)
             ... on level 2 of the Lair of Beasts.
             The game lasted 00:25:53 (14111 turns).

Joey1 the Severer (Minotaur Berserker)             Turns: 14111, Time: 00:25:54

Health: -3/126     AC: 15    Str: 25    XL:     13   Next: 25%
Magic:  4/4        EV: 14    Int:  4    God:    Trog [******]
Gold:   739        SH:  6    Dex: 12    Spells: 12/12 levels left

rFire   + . .        M - +3 broad axe (antimagic)
rCold   . . .        H - +0 buckler
rNeg    . . .        B - +0 plate armour
rPois   .            (helmet restricted)
rElec   .            (no cloak)
rCorr   .            (no gloves)
SInv    .            C - +0 pair of boots
Will    .....        e - amulet of faith Stlth
                     d - +5 ring of evasion
HPRegen 0.41/turn    k - ring of protection from fire
MPRegen 0.09/turn

%: faith
@: about to teleport, on berserk cooldown, slowed, very slow
A: horns 2, retaliatory headbutt
a: Renounce Religion, Berserk, Trog's Hand, Brothers in Arms


You were on level 2 of the Lair of Beasts.
You worshipped Trog.
Trog was exalted by your worship.
You visited 2 branches of the dungeon, and saw 13 of its levels.

You collected 739 gold pieces.

Inventory:

Hand Weapons
 a - a +0 hand axe
 i - a +0 war axe
 x - a +0 morningstar
 J - a +2 heavy flail
 M - a +3 antimagic broad axe (weapon)
Missiles
 F - 2 curare-tipped darts
 K - 5 boomerangs
 X - a throwing net
Armour
 b - a +0 animal skin
 h - a +0 chain mail
 B - a +0 plate armour (worn)
 C - a +0 pair of boots (worn)
 H - a +0 buckler (worn)
 U - the +3 leather armour "Ulis" {rCorr Dex+3}
   (You found it on level 1 of the Lair of Beasts)

   Dex+3:     It affects your dexterity (+3).
   rCorr:     It protects you from acid and corrosion.
Jewellery
 d - a +5 ring of evasion (left hand)
 e - an amulet of faith (around neck)
 k - a ring of protection from fire (right hand)
 o - an amulet of the acrobat
 p - a ring of fire
 L - a ring of magical power
 P - a ring of see invisible
 Y - a ring of willpower
Wands
 r - a wand of mindburst (10)
 I - a wand of digging (7)
 N - a wand of acid (9)
 O - a wand of polymorph (5)
 Q - a wand of roots (10)
 R - a wand of flame (5)
Scrolls
 c - 4 scrolls of enchant armour
 g - 2 scrolls of vulnerability
 l - 5 scrolls of teleportation
 n - a scroll of poison
 s - a scroll of blinking
 u - a scroll of revelation {unknown}
 y - 4 scrolls of noise
 A - a scroll of brand weapon {unknown}
 D - a scroll of enchant weapon {unknown}
 S - a scroll of summoning {unknown}
 T - a scroll of acquirement {unknown}
 V - a scroll of fear {unknown}
 W - 3 scrolls of identify
Potions
 f - 3 potions of berserk rage
 j - 4 potions of heal wounds
 m - 2 potions of mutation
 q - 4 potions of curing
 t - a potion of lignification {unknown}
 v - 4 potions of attraction
 w - 3 potions of haste
 z - a potion of magic {unknown}
 E - a potion of degeneration {unknown}
 G - 3 potions of brilliance


   Skills:
 - Level 15.0 Fighting
 - Level 18.0 Axes
 + Level 9.8 Armour
 - Level 5.0 Dodging
 + Level 9.8 Shields


You had 12 spell levels left.
You didn't know any spells.
Your spell library was empty.

Dungeon Overview and Level Annotations

Branches:
Dungeon (11/15)            Temple (0/1) D:7            Lair (2/5) D:11
 Shoals (0/4) Lair:2          Orc (0/2) D:11
  Snake: Lair:2-3    Spider: Lair:2-3

Altars:
Ashenzari
Hepliaklqana
Kikubaaqudgha
Wu Jian
Xom
The Shining One


Innate Abilities, Weirdness & Mutations

You have a pair of horns on your head.
You reflexively headbutt those who attack you in melee.


Message History

You slash the komodo dragon! You headbutt the komodo dragon.
The komodo dragon is moderately wounded.
You slice the komodo dragon!! You headbutt the komodo dragon!
You kill the komodo dragon!
Trog accepts your kill.
You feel a strong urge to attack something.
You feel your anger nearly subside.
You are no longer berserk.
You are exhausted.
You feel yourself slow down.
A wolf comes into view.
The wolf howls!
You block the wolf's attack. The wolf bites you but does no damage.
The wolf closely misses you.
You barely miss the wolf. The wolf bites you but does no damage.
The wolf misses you.
You closely miss the wolf. Your headbutt misses the wolf.
The wolf completely misses you. You furiously retaliate!
You headbutt the wolf, but do no damage.
You slice the wolf!!
You kill the wolf!
Trog accepts your kill.
A five-headed hydra comes into view.
The five-headed hydra roars!
The death yak bellows!
A catoblepas comes into view.
The death yak gores you!
* * * LOW HITPOINT WARNING * * *
The catoblepas bellows!
The five-headed hydra bites you but does no damage.
The five-headed hydra bites you!
* * * LOW HITPOINT WARNING * * *
The five-headed hydra closely misses you.
You block the five-headed hydra's attack. x2
As you read the scroll of teleportation, it crumbles to dust.
You feel strangely unstable.
The five-headed hydra closely misses you.
The five-headed hydra bites you!
* * * LOW HITPOINT WARNING * * *
The five-headed hydra bites you!
You die...

#S #.♣.♣.♣♣.♣♣.♣.♣.#.## ##P..#.
#)(Y##♣.♣.♣.♣.♣.♣.♣.♣#..# ##....
.$8FSY§♣.♣.♣...♣.♣.♣.#..# ##..#.
♣†♣.♣.♣.♣.♣.♣(♣#..# #.....
#.♣.♣.♣♣.♣♣.♣.♣.#.## ##...#.
#######♣.♣#######.####......
♣...♣..♣♣♣♣♣ #.#.###...#.
#♣♣†♣♣.♣.♣♣..♣♣♣#.....#.....
#.♣♣.♣♣♣♣.♣@♣Y♣.#.#.......#.
#♣.♣.♣ ♣.♣D♣♣Y♣#......##...
######♣♣..♣ ♣♣...♣♣♣♣#.#...###.#.
.....########.########.....###...
.|##÷.........÷........#.####..#.
#.÷......................PP.#....
#....#....#..............).....#<
#....#.######.>.##.#..###......†.
#.......## #...##.#.## ###....#.


You could see a five-headed hydra.

Vanquished Creatures
  3 hydras
  2 catoblepae (Lair:2)
  A boulder beetle (D:11)
  2 two-headed ogres
  7 death yaks
  7 elephants (Lair:2)
  2 merfolk sirens (Lair:2)
  2 black mambas
  8 cane toads
  An unseen horror (D:10)
  A rime drake (Lair:1)
  6 komodo dragons
  2 trolls
  A hornet (D:9)
  2 merfolk (Lair:2)
  A polar bear (Lair:1)
  A blink frog (Lair:2)
  A shadow (D:11)
  2 wyverns
  A wraith (D:6)
  A vampire (D:7)
  3 steam dragons
  28 yaks
  2 basilisks
  A vampire mosquito (D:7)
  An acid dragon (D:11)
  12 water moccasins
  3 orc warriors
  4 sky beasts
  2 ice beasts (D:7)
  12 wolves
  3 ogres
  4 centaurs
  4 kobold brigands
  Blork the orc (D:6)
  7 bullfrogs
  A gnoll sergeant (D:9)
  6 scorpions
  11 wights
  5 killer bees
  7 howler monkeys
  16 orc priests
  A hound (D:5)
  4 jellies
  4 gnoll boudas
  A sleepcap (D:7)
  5 iguanas
  19 orc wizards
  12 gnolls (D:9)
  10 adders
  A shadow imp (D:7)
  3 white imps
  An ufetubus (D:6)
  6 worms
  6 dart slugs
  53 orcs
  5 bats
  3 endoplasms
  6 giant cockroaches
  6 goblins
  11 hobgoblins
  6 jackals
  3 quokkas
  10 ball pythons
  2 frilled lizards (D:2)
  27 kobolds
  5 rats
397 creatures vanquished.

Notes
Turn   | Place    | Note
-------+----------+-------------------------------------------
     0 | D:1      | Joey1 the Minotaur Berserker began the quest for the Orb.
     0 | D:1      | Reached XP level 1. HP: 19/19 MP: 0/0
    83 | D:1      | Reached XP level 2. HP: 10/27 MP: 1/1
   171 | D:1      | Reached skill level 4 in Axes
   315 | D:1      | Found a faded altar of an unknown god.
   477 | D:1      | Reached ** piety under Trog
   482 | D:1      | Reached XP level 3. HP: 32/33 MP: 2/2
   717 | D:2      | Found a glowing golden altar of the Shining One.
   749 | D:2      | You fall into a shaft and drop 1 floor!
   794 | D:3      | Reached XP level 4. HP: 8/40 MP: 3/3
   800 | D:3      | Reached skill level 5 in Axes
  1313 | D:3      | Reached XP level 5. HP: 46/47 MP: 4/4
  1476 | D:3      | Reached *** piety under Trog
  1862 | D:4      | Found an ornate altar of the Wu Jian Council.
  1891 | D:4      | Reached skill level 6 in Axes
  1905 | D:4      | Reached XP level 6. HP: 55/55 MP: 5/5
  1993 | D:4      | Reached skill level 5 in Fighting
  2481 | D:5      | Entered Level 5 of the Dungeon
  2491 | D:5      | Reached skill level 7 in Axes
  2493 | D:5      | Reached **** piety under Trog
  2498 | D:5      | Reached skill level 5 in Armour
  2502 | D:5      | Reached XP level 7. HP: 51/61 MP: 6/6
  2823 | D:5      | Reached skill level 8 in Axes
  3026 | D:5      | Reached skill level 9 in Axes
  3206 | D:5      | Found a shimmering altar of Xom.
  3719 | D:6      | Reached skill level 10 in Axes
  3719 | D:6      | Reached XP level 8. HP: 49/68 MP: 7/7
  3877 | D:6      | Reached skill level 11 in Axes
  4012 | D:6      | Noticed Blork the orc
  4018 | D:6      | Killed Blork the orc
  4019 | D:6      | Reached skill level 12 in Axes
  4528 | D:7      | Found a staircase to the Ecumenical Temple.
  4604 | D:7      | Reached skill level 13 in Axes
  4606 | D:7      | Reached XP level 9. HP: 24/74 MP: 8/8
  4851 | D:7      | Reached skill level 14 in Axes
  5105 | D:7      | Reached skill level 15 in Axes
  5105 | D:7      | Reached skill level 1 in Shields
  5161 | D:7      | Reached ***** piety under Trog
  5528 | D:7      | Found an ancient bone altar of Kikubaaqudgha.
  5528 | D:7      | Found a glowing golden altar of the Shining One.
  5855 | D:8      | Reached XP level 10. HP: 71/81 MP: 9/9
  6152 | D:8      | Reached skill level 16 in Axes
  6329 | D:8      | Reached skill level 5 in Shields
  6542 | D:8      | Received a gift from Trog
  6845 | D:9      | Noticed a two-headed ogre
  6856 | D:9      | Killed a two-headed ogre
  6947 | D:9      | Found a hazy altar of Hepliaklqana.
  8145 | D:10     | Entered Level 10 of the Dungeon
  8172 | D:10     | Reached skill level 17 in Axes
  8172 | D:10     | Reached XP level 11. HP: 50/97 MP: 3/10
  9186 | D:11     | Reached skill level 10 in Fighting
  9188 | D:11     | Noticed a two-headed ogre
  9199 | D:11     | Killed a two-headed ogre
  9222 | D:11     | Reached skill level 18 in Axes
  9351 | D:11     | Noticed a boulder beetle
  9375 | D:11     | Killed a boulder beetle
  9680 | D:11     | Found a staircase to the Lair.
  9741 | D:11     | Found a staircase to the Orcish Mines.
 10009 | Lair:1   | Entered Level 1 of the Lair of Beasts
 10067 | Lair:1   | Reached ****** piety under Trog
 10415 | Lair:1   | Identified the +3 leather armour "Ulis" {rCorr Dex+3}
 10771 | Lair:1   | Reached XP level 12. HP: 44/115 MP: 3/11
 11603 | Lair:2   | Found a broken altar of Ashenzari.
 11608 | Lair:2   | Noticed a five-headed hydra
 11610 | Lair:2   | Received a gift from Trog
 11864 | Lair:2   | Noticed a death yak
 11864 | Lair:2   | Noticed a death yak
 11864 | Lair:2   | Noticed a death yak
 11864 | Lair:2   | Noticed a death yak
 11866 | Lair:2   | Noticed a death yak
 11880 | Lair:1   | Killed a death yak
 11978 | Lair:1   | Killed a five-headed hydra
 12071 | Lair:2   | Killed a death yak
 12072 | Lair:2   | Reached skill level 15 in Fighting
 12083 | Lair:1   | Killed a death yak
 12311 | Lair:1   | Killed a death yak
 12313 | Lair:1   | Killed a death yak
 12474 | Lair:2   | Noticed a catoblepas
 12484 | Lair:2   | Killed a catoblepas
 12494 | Lair:2   | Found a staircase to the Shoals.
 12520 | Lair:2   | Reached skill level 5 in Dodging
 13321 | Lair:2   | Noticed a death yak
 13324 | Lair:2   | Noticed a death yak
 13333 | Lair:2   | Killed a death yak
 13334 | Lair:2   | Reached XP level 13. HP: 108/126 MP: 4/12
 14111 | Lair:2   | Slain by a five-headed hydra

Illustrated notes

Levels and vault maps discovered:
D:1:      dpeg_arrival_simpleton_b, layout_basic,
          dreamdust_ecumenical_altar_hidden_monk_grotto
D:2:      layout_rooms, basic_altar
D:3:      layout_basic, nicolae_wormholes
D:4:      layout_rooms, mainiacjoe_overflow_boulevard, wad_orctagon
D:5:      layout_layer_cave, general_overflow_altar, minmay_between
D:6:      layout_rooms, minmay_misc_feat_pillars, st_stairs_14,
          uniq_blork_the_orc
D:7:      minmay_opposing_rooms, layout_cave_pools,
          gammafunk_temple_overflow_pools, minmay_temple_entry_tees,
          minmay_fountain_box, grunt_decor_cap, minmay_misc_feat_tower,
          st_stairs_9
D:8:      layout_loops_cross, hangedman_misty_isle
D:9:      kennysheep_ambush_hall, layout_long_grid,
          mainiacjoe_overflow_small_starburst, hangedman_decor_peaks_small,
          abandoned_shop
D:10:     layout_roguey, amcnicky_mini_pool_small
D:11:     layout_big_octagon, david_lair_shrubbed, hiddenorc2_lemuel
Lair:1:   layout_layer_cave, grunt_megastairs_3, serial_bayou_shore_b
Lair:2:   nzn_winding_woodlands_three_and_one
          [nzn_winding_woodlands_5x15_longhouse,
          nzn_winding_woodlands_5x15_split_checker,
          nzn_winding_woodlands_5x15_jagged,
          nzn_winding_woodlands_center_pierced_h], layout_misc_corridors,
          elwin_shoals_entry_stream, basic_altar, minmay_stone_trees_medium,
          st_stairs_13

Skill      XL: |  1  2  3  4  5  6  7  8  9 10 11 12 13 |
---------------+----------------------------------------+-----
Axes           | 4 5 6 7 10 13 15 17 18 | 18.0
Armour         | 3 4 5 8 9 |  9.8
Fighting       | 4 5 9 13 15 | 15.0
Dodging        | 3 5 |  5.0
Shields        | 3 5 8 9 |  9.8

Action                     |  1- 3 |  4- 6 |  7- 9 | 10-12 | 13-15 || total
---------------------------+-------+-------+-------+-------+-------++-------
  Melee: Hand axe          |    82 |   137 |       |       |       ||   219
         Headbutt          |    10 |    21 |    36 |   134 |    20 ||   221
         War axe           |       |     2 |   201 |    97 |       ||   300
         Punch             |       |       |     3 |       |       ||     3
         Broad axe         |       |       |       |   485 |    54 ||   539
         Morningstar       |       |       |       |     4 |    17 ||    21
 Invoke: Berserk           |     1 |       |     3 |     5 |     2 ||    11
         Trog's Hand       |       |       |     1 |     1 |       ||     2
    Use: Scroll            |       |       |     6 |     7 |     1 ||    14
         Potion            |       |       |       |     3 |       ||     3
   Stab: Sleeping          |     1 |       |       |       |       ||     1
         Petrifying        |       |       |       |       |     3 ||     3
         Petrified         |       |       |       |       |     1 ||     1
 Armour: Animal skin       |    19 |       |       |       |       ||    19
         Chain mail        |    16 |    56 |    47 |       |       ||   119
         Plate armour      |       |       |   104 |   349 |    85 ||   538
  Dodge: Dodged            |    69 |    97 |   144 |   234 |    50 ||   594
  Block: Buckler           |       |       |       |    86 |    32 ||   118

Table legend: (Time is in decaauts)
 A = Elapsed time spent in this place.
 B = Non-inter-level travel time spent in this place.
 C = Inter-level travel time spent in this place.
 D = Time resting spent in this place.
 E = Time spent auto-exploring this place.
 F = Levels seen in this place.
 G = Mean time per level.
                   A        B        C        D        E       F      G
               +--------+--------+--------+--------+--------+-----+--------+
         Total |  14037 |  13509 |    528 |   2378 |   8896 |  13 | 1079.8 |
       Dungeon |   9960 |   9477 |    483 |   1088 |   6648 |  11 |  905.5 |
          Lair |   4076 |   4032 |     44 |   1290 |   2248 |   2 | 2038.0 |
               +--------+--------+--------+--------+--------+-----+--------+

Top non-repeatable levels by time:
  Lair:1: 2362 daAuts
  Lair:2: 1714 daAuts
     D:9: 1376 daAuts
     D:5: 1363 daAuts
     D:7: 1223 daAuts
    D:11: 1061 daAuts
     D:8: 1047 daAuts
     D:3: 828 daAuts
    D:10: 770 daAuts
     D:1: 689 daAuts
     D:6: 624 daAuts
     D:4: 596 daAuts
     D:2: 378 daAuts
